 Dungeon Crawl Stone Soup version 0.18-a0-1747-g18c4181 (webtiles) character file.

482540 tsujin the Slayer (level 23, -8/207 HPs)
             Began as a Demonspawn Gladiator on Apr 12, 2016.
             Was the Champion of Trog.
             Killed by divine providence
             ... invoked by a sphinx
              (13 damage)
             ... on level 2 of the Depths.
             The game lasted 02:30:38 (45471 turns).

tsujin the Slayer (Demonspawn Gladiator)           Turns: 45471, Time: 02:30:40

Health: -8/207     AC: 60    Str: 25    XL:     23   Next: 44%
Magic:  24/24      EV: 14    Int: 13    God:    Trog [******]
Gold:   2077       SH:  0    Dex: 18    Spells: 0 memorised, 22 levels left

rFire  + . .     SeeInvis .     a - +10 glaive of Trog's Fury {flame, rElec}
rCold  . . .     Gourm    .     x - +14 crystal plate armour
rNeg   . . .     Faith    .     (shield currently unavailable)
rPois  +         Spirit   .     s - +2 helmet
rElec  +         Dismiss  .     z - +2 cloak {+Inv}
rCorr  .         Reflect  .     u - +1 pair of gloves
SustAt .         Harm     .     (boots unavailable)
MR     ++...                    y - amulet of regeneration
Stlth  ..........               t - +3 ring of slaying
                                C - ring of Robustness {AC+8}

@: agile, very resistant to hostile enchantments, extremely unstealthy
A: hooves 3, slimy green scales 3, fire resistance 1, hurl damnation, magic
resistance 1, sense surroundings 1, powered by pain 3, spiny 3, strong 1, flame
cloud immunity
a: Damnation, Berserk, Trog's Hand, Brothers in Arms, Burn Spellbooks, Renounce
Religion, Evoke Invisibility
}: 3/15 runes: decaying, serpentine, silver


You were on level 2 of the Depths.
You worshipped Trog.
Trog was exalted by your worship.
You were not hungry.

You visited 8 branches of the dungeon, and saw 41 of its levels.
You visited 1 bazaar.
You also visited: Ice Cave and Wizlab.

You collected 5501 gold pieces.
You spent 3424 gold pieces at shops.

Inventory:

Hand Weapons
 a - the +10 glaive of Trog's Fury (weapon) {flame, rElec}
   (Trog gifted it to you on level 1 of the Vaults)

   It has been specially enchanted to burn those struck by it, causing extra
   injury to most foes and up to half again as much damage against particularly
   susceptible opponents.
   Big, fiery blades are also staple armaments of hydra-hunters.
   It insulates you from electricity.
 P - a +0 blowgun
Missiles
 e - 15 needles of sleeping
 j - 7 steel javelins
 w - 11 javelins of penetration (quivered)
 E - 6 needles of paralysis
 R - 17 javelins of returning
 W - 15 silver javelins
Armour
 s - a +2 helmet (worn)
 u - a +1 pair of gloves (worn)
 x - a +14 crystal plate armour (worn)
 z - a +2 cloak of invisibility (worn)
Jewellery
 b - an uncursed ring of resist corrosion
 k - the ring of Afog {rPois EV+4 Str+3}
   (You found it in an ice cave)

   [ring of evasion]

   It affects your evasion (+4).
   It affects your strength (+3).
   It protects you from poison.
 t - a +3 ring of slaying (right hand)
 y - an amulet of regeneration (around neck)
 C - the ring of Robustness (left hand) {AC+8}
   (You found it on level 1 of the Depths)

   [ring of protection]

   It affects your AC (+8).
 U - an uncursed ring of see invisible
 Y - an uncursed ring of protection from magic
Wands
 l - a wand of teleportation (3/9)
 o - a wand of teleportation (3/9)
 p - a wand of disintegration (0/24)
 I - a wand of digging (7/24)
 O - a wand of digging (17/24)
Scrolls
 c - a scroll of silence
 g - 16 scrolls of teleportation
 i - 18 scrolls of remove curse
 A - a scroll of blinking
 D - 8 scrolls of identify
 K - a scroll of recharging
 M - 11 scrolls of fog
 Q - 6 scrolls of fear
 S - a scroll of summoning
 Z - a scroll of magic mapping
Potions
 h - 4 potions of haste
 m - 19 potions of curing
 n - 3 potions of agility
 B - a potion of invisibility
 G - a potion of might
 H - 3 potions of ambrosia
 J - a potion of cure mutation
 L - 3 potions of resistance
 N - 7 potions of flight
 T - 6 potions of heal wounds
 V - a potion of magic
Miscellaneous
 d - a legendary deck of changes {the Mercenary}
 X - a lamp of fire
Comestibles
 f - 19 bread rations
 q - 9 slices of pizza
 r - 12 beef jerkies
 v - 21 meat rations
 F - 5 fruits


   Skills:
 * Level 23.5 Fighting
 + Level 21.6 Polearms
 + Level 6.8 Throwing
 + Level 16.6 Armour
 - Level 6.0 Dodging
   Level 8.9 Shields
 + Level 1.6 Evocations


You had 22 spell levels left.
You didn't know any spells.

Dungeon Overview and Level Annotations

Branches:
Dungeon (15/15)            Temple (1/1) D:5            Lair (8/8) D:8
  Swamp (4/4) Lair:6        Snake (4/4) Lair:5        Slime (0/6) Lair:7
    Orc (2/2) D:10            Elf (0/3) Orc:2        Vaults (5/5) D:14
  Crypt (0/3) Vaults:3     Depths (2/5) D:15

Altars:
Ashenzari
Cheibriados
Dithmenos
Elyvilon
Fedhas
Gozag
Kikubaaqudgha
Makhleb
Nemelex Xobeh
Okawaru
Pakellas
Qazlal
Ru
Sif Muna
Trog
Vehumet
Xom
Yredelemnul
Zin
The Shining One
Beogh
Jiyva

Shops:
D:7 *   D:14 *   D:15 !   Orc:1 *   Orc:2 ?[}?   Vaults:2 ?   Vaults:3 [

Portals:
Hell: Depths:1
Trove: Vaults:3 (give +5 demon whip)


Innate Abilities, Weirdness & Mutations

You have hooves in place of feet.
You are completely covered in slimy green scales (AC +4, rPois).
Your flesh is heat resistant.
You can hurl damnation.
You are powered by pain.
You are completely covered in sharp spines.
You are immune to clouds of flame.
You are resistant to hostile enchantments.
You passively map a small area around you.
Your muscles are strong. (Str +2)


Message History

You kick the stone giant.
The stone giant is almost dead.
The stone giant hits you.
A tengu reaver comes into view.
It is wielding a battleaxe of electrocution.
You take 1 damage, and have 64/207 hp.
Unknown command.
You open the stone giant like a pillowcase!!!
You burn the stone giant.
You kill the stone giant!
Trog accepts your kill.
The tormentor calls on the powers of darkness!
The ettin convulses!
The tengu reaver convulses!
The golden dragon convulses!
Your body is wracked with pain!
* * * LOW HITPOINT WARNING * * *
The golden dragon breathes fire at you. The bolt of fire hits you! You resist.
* * * LOW HITPOINT WARNING * * *
The sphinx casts a spell.
Something smites you!
You die...

,,#............##'####
, *
########+#.........# ,
*
,........#.........#,
, ........'.........#
........#.........# ,
########.#.........#
,* *
.......#.####.....##
*,
.......'....+.....#,
.......#...@#.....#,
##########(.#.....+ *
#LD###.....# , #.H * *
CL##* , , .{2* , * * ,
#.. * * , , .Q# , * L.
* *


You could see a golden dragon, a sphinx, a tengu reaver, 2 liches, an ettin and
a tormentor.

Vanquished Creatures
  An ancient lich (Vaults:5)
  Mara (Swamp:3)
  Mennas (Vaults:5)
  Sojobo (Vaults:4)
  Saint Roka (Vaults:4)
  A caustic shrike (Depths:2)
  3 golden dragons
  Xtahua (Vaults:4)
  the Enchantress (Depths:1)
  The ghost of nightshiftgray the Impaler, an adept MiFi of the Shining One (Vaults:4)
  A Cloud Mage (WizLab)
  Rupert (D:12)
  5 tentacled monstrosities
  Jorgrun (Vaults:4)
  4 liches
  3 titans (Vaults:5)
  Frances (D:14)
  3 sphinxes
  An ancient champion (Vaults:3)
  2 shadow dragons
  5 tengu reavers
  2 storm dragons
  9 greater nagas
  8 fire giants
  Maud (Lair:4)
  5 frost giants
  A revenant (Vaults:3)
  15 vault wardens
  Donald (Vaults:4)
  3 iron dragons
  Wiglaf (Snake:4)
  An orc warlord (Orc:2)
  10 ironheart preservers
  2 war gargoyles
  A large abomination (Vaults:5)
  3 spriggan defenders (Depths:1)
  9 stone giants
  8 very ugly things
  A deep elf demonologist (Vaults:4)
  2 salamander stormcallers
  5 dire elephants (Lair:8)
  2 blizzard demons (IceCv)
  3 deep elf death magi
  6 ettins
  4 fire dragons
  Josephine (Orc:1)
  A jiangshi (Vaults:3)
  27 vault guards
  13 yaktaur captains
  An entropy weaver (Depths:1)
  3 great orbs of eyes
  16 naga warriors
  A ghost crab (Swamp:4)
  2 ice dragons
  3 spriggan air magi
  A rakshasa (Depths:1)
  24 hydras
  An anaconda (shapeshifter) (Vaults:5)
  6 anacondas
  A ghost crab (shapeshifter) (Vaults:5)
  2 catoblepae
  6 centaur warriors
  10 alligators
  Erica (Lair:1)
  A death knight (Vaults:2)
  4 deep troll shamans (Depths:1)
  12 ogre magi
  4 death yaks (Lair:5)
  3 deep troll earth magi (Depths:1)
  A tengu warrior (D:14)
  4 orc high priests (Orc:2)
  5 shock serpents
  4 spriggan berserkers
  2 deep elf knights
  Urug (Lair:1)
  17 naga sharpshooters
  6 salamander mystics
  12 iron trolls (Depths:1)
  2 flayed ghosts
  4 giant orange brains
  A fire crab (D:13)
  2 shadow wraiths
  A storm dragon skeleton (Vaults:5)
  10 sea snakes (Snake:2)
  A skeletal warrior (D:13)
  7 swamp dragons
  2 spriggan druids (Swamp:4)
  7 deep trolls
  2 wizards
  5 naga ritualists (Snake:4)
  An unseen horror (Vaults:1)
  3 deep elf archers
  9 hill giants
  3 necromancers
  7 phantasmal warriors
  4 shambling mangroves
  14 orc knights
  2 wolf spider zombies (D:15)
  13 ironbrand convokers
  A wolf spider (Vaults:4)
  3 mana vipers
  7 harpies
  2 oklob plants (Lair:8)
  A frost giant zombie (Vaults:1)
  4 orc sorcerers
  9 griffons
  8 deep elf magi
  21 salamanders
  A manticore (D:13)
  28 slime creatures
  40 ugly things
  A hornet (Vaults:4)
  22 elephants
  8 cyclopes
  Maurice (Orc:1)
  25 black mambas
  2 stone giant skeletons (Vaults:5)
  20 vault sentinels
  26 naga magi
  An eye of devastation (shapeshifter) (Vaults:4)
  A black mamba (shapeshifter) (D:9)
  An ice statue (IceCv)
  16 spiny frogs
  An efreet (D:12)
  5 ice devils (IceCv)
  6 komodo dragons
  9 freezing wraiths
  9 kobold demonologists
  2 anaconda simulacra (IceCv)
  5 rime drakes
  52 yaktaurs
  A troll (shapeshifter) (Vaults:5)
  11 trolls
  3 polar bears
  2 tengu conjurers (Depths:1)
  3 golden dragon simulacra (IceCv)
  12 wind drakes (WizLab)
  2 human skeletons (Vaults:1)
  22 blink frogs
  A blink frog (shapeshifter) (Vaults:1)
  A wolf spider simulacrum (D:15)
  23 two-headed ogres
  6 giant leeches
  A slime creature (shapeshifter) (Vaults:5)
  9 bog bodies
  A harpy skeleton (Vaults:1)
  10 boulder beetles
  A frost giant simulacrum (Vaults:1)
  3 centaur simulacra
  8 redbacks
  33 air elementals (WizLab)
  4 shadows
  A spriggan (shapeshifter) (Vaults:1)
  10 spriggans
  5 wyverns
  43 yaks
  9 wraiths
  Grum (Lair:1)
  2 death yak simulacra (IceCv)
  The ghost of StevenIvan the Shield-Bearer, an amateur DsFi (D:3)
  A steam dragon (shapeshifter) (Vaults:5)
  4 basilisks
  2 hungry ghosts (D:13)
  26 vampire mosquitoes
  A steam dragon (D:8)
  An elf skeleton (Vaults:5)
  15 hippogriffs
  7 wargs
  4 iron troll simulacra (IceCv)
  3 harpy simulacra (IceCv)
  21 swamp worms
  34 nagas
  22 insubstantial wisps
  A mottled dragon (D:12)
  3 hydra simulacra (IceCv)
  20 water moccasins
  A soldier ant (D:13)
  7 porcupines
  A deep troll skeleton (Vaults:5)
  Purgy (D:4)
  6 ice beasts
  3 black bears (D:9)
  8 sky beasts
  A sky beast (shapeshifter) (D:15)
  8 swamp drakes
  2 alligator simulacra (IceCv)
  66 orc warriors
  60 ogres
  2 eyes of draining
  3 necrophages
  An ettin simulacrum (Vaults:1)
  13 boggarts
  10 wasps
  14 centaurs
  4 phantoms
  A centaur (shapeshifter) (Vaults:4)
  18 wolves
  19 crocodiles
  5 big kobolds
  A wyvern zombie (D:12)
  18 giant frogs
  A yaktaur skeleton (Vaults:1)
  A scorpion (D:4)
  7 wights
  5 killer bees (D:14)
  A human simulacrum (Vaults:3)
  3 howler monkeys
  2 electric eels
  9 crimson imps
  2 draconian simulacra (IceCv)
  2 quasits
  A wasp zombie (D:13)
  7 hounds
  34 orc priests
  A jelly (D:14)
  2 centaur skeletons
  4 giant frog zombies
  A gnoll shaman (Orc:2)
  22 orc wizards
  2 giant frog skeletons
  Crazy Yiuf (D:6)
  Ijyb (D:2)
  Terence (D:2)
  13 iguanas
  2 hell rats (D:8)
  9 worker ants
  8 troll simulacra (IceCv)
  A polar bear simulacrum (IceCv)
  8 sheep
  A hound skeleton (D:11)
  A howler monkey zombie (D:5)
  16 gnolls
  14 adders
  100 river rats
  2 naga simulacra (IceCv)
  4 shadow imps
  6 white imps (IceCv)
  2 ufetubi (IceCv)
  An ooze (D:1)
  2 adder skeletons
  3 worms (D:2)
  A dart slug (D:1)
  8 giant geckos
  124 orcs
  8 giant cockroaches
  3 goblins
  10 hobgoblins
  15 jackals
  7 kobolds
  5 quokkas
  12 bats
  A giant cockroach zombie (D:5)
  A giant gecko skeleton (D:7)
  A giant gecko zombie (D:7)
  5 giant newts
  A jackal skeleton (D:5)
  A quokka skeleton (D:8)
  6 rats
  A crawling corpse (Vaults:5)
  2 fungi
  2 plants
1960 creatures vanquished.

Vanquished Creatures (others)
  An ironheart preserver (Vaults:4)
  A vault guard (Vaults:4)
  A fire dragon (D:15)
  A spriggan air mage (WizLab)
  A death knight (Vaults:4)
  An ogre mage (Vaults:4)
  A spriggan (Swamp:4)
  A swamp dragon (Swamp:4)
  A flayed ghost (Vaults:4)
  A spriggan druid (Swamp:4)
  3 orc knights
  A vault sentinel (Vaults:4)
  A freezing wraith (Vaults:4)
  A raiju (shapeshifter) (Vaults:1)
  A mottled dragon (Vaults:4)
  4 orc warriors
  A wasp (Swamp:4)
  An ogre (Vaults:4)
  A boggart (Vaults:2)
  3 orcs
  26 fungi
  23 plants
76 creatures vanquished.

Grand Total: 2036 creatures vanquished

Notes
Turn   | Place    | Note
--------------------------------------------------------------
     0 | D:1      | tsujin the Demonspawn Gladiator began the quest for the Orb.
     0 | D:1      | Reached XP level 1. HP: 16/16 MP: 1/1
   183 | D:1      | Gained mutation: You sometimes gain a little power by taking damage. [demonic ancestry]
   183 | D:1      | Reached XP level 2. HP: 14/22 MP: 2/2
   345 | D:1      | Gained mutation: You are partially covered in sharp spines. [demonic ancestry]
   345 | D:1      | Reached XP level 3. HP: 23/28 MP: 3/3
   632 | D:2      | Found a shimmering altar of Xom.
   634 | D:2      | Noticed Terence
   642 | D:2      | Killed Terence
   642 | D:2      | Reached skill level 1 in Armour
   705 | D:2      | Gained mutation: You are partially covered in slimy green scales (AC +2). [demonic ancestry]
   705 | D:2      | Reached XP level 4. HP: 22/34 MP: 4/4
   774 | D:2      | Noticed Ijyb
   788 | D:2      | Killed Ijyb
  1007 | D:2      | Reached skill level 3 in Fighting
  1189 | D:2      | Gained mutation: You are mostly covered in slimy green scales (AC +3). [demonic ancestry]
  1189 | D:2      | Reached XP level 5. HP: 37/41 MP: 5/5
  1530 | D:3      | Noticed StevenIvan's ghost (amateur DsFi)
  1578 | D:3      | Killed StevenIvan's ghost
  1578 | D:3      | Reached XP level 6. HP: 23/48 MP: 6/6
  2242 | D:4      | Reached skill level 4 in Fighting
  2282 | D:4      | Gained mutation: You have large cloven feet. [demonic ancestry]
  2282 | D:4      | Reached XP level 7. HP: 53/54 MP: 7/7
  2443 | D:4      | Noticed Purgy
  2477 | D:4      | Killed Purgy
  2756 | D:5      | Entered Level 5 of the Dungeon
  2776 | D:5      | Noticed Eustachio
  2942 | D:5      | Reached skill level 5 in Polearms
  3009 | D:5      | Got a crystal rapier
  3010 | D:5      | Identified the +6 rapier "Burchuwi" {pierce, rPois MP-9 Stlth+} (You found it on level 5 of the Dungeon)
  3331 | D:5      | Found a staircase to the Ecumenical Temple.
  3337 | Temple   | Entered the Ecumenical Temple
  3557 | Temple   | Became a worshipper of Trog the Wrathful
  3807 | D:6      | Found a blossoming altar of Fedhas.
  3807 | D:6      | Found a shattered altar of Ashenzari.
  3851 | D:6      | Reached skill level 1 in Shields
  3899 | D:6      | Reached XP level 8. HP: 57/61 MP: 0/8
  4032 | D:6      | Noticed Crazy Yiuf
  4037 | D:6      | Killed Crazy Yiuf
  4101 | D:6      | Reached skill level 5 in Fighting
  4198 | D:6      | Found an ancient bone altar of Kikubaaqudgha.
  4199 | D:6      | Found a deep blue altar of Sif Muna.
  4287 | D:6      | Found a sacrificial altar of Ru.
  4474 | D:7      | Reached * piety under Trog
  4504 | D:7      | Reached skill level 5 in Armour
  4617 | D:7      | Found a radiant altar of Vehumet.
  4618 | D:7      | Found a burning altar of Makhleb.
  4746 | D:7      | Found Yfuenkat's General Store.
  4749 | D:7      | Bought a scroll of immolation for 42 gold pieces
  4749 | D:7      | Bought a scroll of teleportation for 36 gold pieces
  4749 | D:7      | Bought a potion of agility for 48 gold pieces
  4780 | D:7      | Reached XP level 9. HP: 69/69 MP: 9/9
  4900 | D:7      | Reached skill level 6 in Fighting
  5186 | D:8      | Reached skill level 5 in Dodging
  5295 | D:8      | Found a staircase to the Lair.
  5796 | D:8      | Reached ** piety under Trog
  6192 | Lair:1   | Entered Level 1 of the Lair of Beasts
  6400 | Lair:1   | Noticed Urug
  6432 | Lair:1   | Killed Urug
  6432 | Lair:1   | Reached skill level 5 in Shields
  6432 | Lair:1   | Gained mutation: You are completely covered in slimy green scales (AC +4, rPois). [demonic ancestry]
  6432 | Lair:1   | Reached XP level 10. HP: 55/77 MP: 10/10
  6543 | Lair:1   | Reached skill level 7 in Fighting
  6644 | Lair:1   | Noticed Grum
  6659 | Lair:1   | Killed Grum
  6719 | Lair:1   | Noticed Erica
  6763 | Lair:1   | Killed Erica
  7145 | Lair:2   | Reached *** piety under Trog
  7414 | Lair:2   | Reached skill level 8 in Fighting
  7548 | Lair:2   | Gained mutation: You have hoof-like feet. [demonic ancestry]
  7548 | Lair:2   | Reached XP level 11. HP: 86/86 MP: 11/11
  7825 | Lair:2   | Reached **** piety under Trog
  8703 | Lair:3   | Noticed an eight-headed hydra
  8705 | Lair:3   | Noticed a griffon
  8749 | Lair:2   | Killed an eight-headed hydra
  8861 | Lair:2   | Killed a griffon
  8895 | Lair:3   | Reached skill level 9 in Fighting
  9863 | Lair:4   | Noticed Maud
  9898 | Lair:4   | Killed Maud
  9898 | Lair:4   | Gained mutation: You are mostly covered in sharp spines. [demonic ancestry]
  9898 | Lair:4   | Reached XP level 12. HP: 45/96 MP: 12/12
 10337 | Lair:4   | Noticed a catoblepas
 10373 | Lair:4   | Killed a catoblepas
 10373 | Lair:4   | Reached skill level 10 in Polearms
 10373 | Lair:4   | Reached skill level 1 in Evocations
 10599 | Lair:4   | Reached ***** piety under Trog
 11032 | Lair:4   | Received a gift from Trog
 11103 | Lair:5   | Reached skill level 10 in Armour
 11232 | Lair:5   | Found a staircase to the Snake Pit.
 11609 | Lair:5   | Got a jet-encrusted leather armour
 11620 | Lair:5   | Identified the +0 leather armour "Ymeiqix" {+Blink rC++ Int-2} (You found it on level 5 of the Lair of Beasts)
 11982 | Lair:5   | Reached skill level 10 in Fighting
 12192 | Lair:5   | Received a gift from Trog
 12523 | Lair:6   | Found a staircase to the Swamp.
 12649 | Lair:6   | Noticed a death yak
 12649 | Lair:6   | Noticed a death yak
 12677 | Lair:5   | Killed a death yak
 12723 | Lair:6   | Noticed a death yak
 12739 | Lair:5   | Killed a death yak
 12748 | Lair:6   | Noticed a death yak
 12793 | Lair:5   | Killed a death yak
 12879 | Lair:5   | Killed a death yak
 12997 | Lair:6   | Gained mutation: You sometimes gain power by taking damage. [demonic ancestry]
 12997 | Lair:6   | Reached XP level 13. HP: 94/104 MP: 13/13
 13161 | Lair:6   | Received a gift from Trog
 13775 | Lair:7   | Found a viscous altar of Jiyva.
 13776 | Lair:7   | Found a staircase to the Slime Pits.
 14093 | Lair:7   | Received a gift from Trog
 14681 | Lair:8   | Entered Level 8 of the Lair of Beasts
 14779 | Lair:8   | Got a blackened quarterstaff
 14782 | Lair:8   | Identified the +6 quarterstaff of Isecka Huere {flame, Int+3 Dex+4} (You found it on level 8 of the Lair of Beasts)
 14886 | Lair:8   | Reached skill level 11 in Fighting
 14886 | Lair:8   | Reached skill level 5 in Throwing
 14976 | Lair:8   | Found a shattered altar of Ashenzari.
 15483 | Lair:8   | Received a gift from Trog
 15647 | Lair:8   | Gained mutation: You passively map a small area around you. [potion of mutation]
 15647 | Lair:8   | Gained mutation: Your muscles are strong. (Str +2) [potion of mutation]
 15653 | Lair:8   | Gained mutation: You are resistant to hostile enchantments. [potion of beneficial mutation]
 16006 | Lair:8   | Noticed a dire elephant
 16006 | Lair:8   | Noticed a dire elephant
 16023 | Lair:8   | Noticed a dire elephant
 16035 | Lair:8   | Noticed a dire elephant
 16089 | Lair:8   | Noticed a dire elephant
 16108 | Lair:8   | Killed a dire elephant
 16273 | Lair:8   | Noticed a dire elephant
 16335 | Lair:8   | Gained mutation: Your flesh is heat resistant. [demonic ancestry]
 16335 | Lair:8   | Reached XP level 14. HP: 64/113 MP: 14/14
 16463 | Lair:8   | Received a gift from Trog
 17671 | D:9      | Found a glowing golden altar of the Shining One.
 17824 | D:9      | Found a huge runed gate.
 17824 | D:9      | Found a huge runed gate.
 17824 | D:9      | Found a huge runed gate.
 17825 | D:9      | Found a huge runed gate.
 17922 | D:9      | Found a large runed door.
 17925 | D:9      | Found a large runed door.
 18238 | D:9      | Found a glowing silver altar of Zin.
 18245 | D:9      | Found a shimmering altar of Xom.
 18417 | D:10     | Entered Level 10 of the Dungeon
 18535 | D:10     | Received a gift from Trog
 18860 | D:10     | Found a staircase to the Orcish Mines.
 18995 | Orc:1    | Entered Level 1 of the Orcish Mines
 19103 | Orc:2    | Entered Level 2 of the Orcish Mines
 19108 | Orc:2    | Reached skill level 12 in Fighting
 19203 | Orc:2    | Received a gift from Trog
 19327 | Orc:2    | Reached ****** piety under Trog
 19369 | Orc:2    | Received a gift from Trog
 19625 | Orc:2    | Got a steaming ring mail
 19627 | Orc:2    | Identified the cursed +1 ring mail "Tios" {Str+2} (You found it on level 2 of the Orcish Mines)
 19679 | Orc:2    | Found a staircase to the Elven Halls.
 19886 | Orc:2    | Found a roughly hewn altar of Beogh.
 19961 | Orc:2    | Found Ikaukh's Magic Scroll Emporium.
 19979 | Orc:2    | Found Ehoader's Armour Shoppe.
 20084 | Orc:2    | Received a gift from Trog
 20119 | Orc:2    | Noticed an orc warlord
 20145 | Orc:2    | Killed an orc warlord
 20241 | Orc:2    | Found a roughly hewn altar of Beogh.
 20280 | Orc:2    | Received a gift from Trog
 20358 | Orc:2    | Found Pubbai's Magic Scroll Emporium.
 20659 | Orc:2    | Found Keita's Gadget Boutique.
 21160 | Orc:1    | Noticed Josephine
 21173 | Orc:1    | Killed Josephine
 21210 | Orc:1    | Gained mutation: You have hooves in place of feet. [demonic ancestry]
 21210 | Orc:1    | Reached XP level 15. HP: 122/122 MP: 15/15
 21350 | Orc:1    | Noticed Maurice
 21414 | Orc:1    | Killed Maurice
 21534 | Orc:1    | Found Siutzidd's Assorted Antiques.
 22002 | D:11     | Received a gift from Trog
 23053 | D:12     | Noticed Rupert
 23074 | D:12     | Paralysed by Rupert for 5 turns
 23080 | D:12     | Killed Rupert
 23607 | D:13     | Found a glowing golden altar of the Shining One.
 23658 | D:13     | Reached skill level 13 in Fighting
 23978 | D:13     | Received a gift from Trog
 24202 | D:14     | Noticed Frances
 24217 | D:14     | Killed Frances
 24826 | D:14     | Found a gate to the Vaults.
 24875 | D:14     | Found Nera's Assorted Antiques.
 24880 | D:14     | Bought a scroll of fear for 94 gold pieces
 24880 | D:14     | Bought a scroll of fog for 54 gold pieces
 24880 | D:14     | Bought a potion of curing for 81 gold pieces
 24880 | D:14     | Bought 2 potions of heal wounds for 270 gold pieces
 24984 | D:15     | Entered Level 15 of the Dungeon
 25071 | D:15     | Received a gift from Trog
 25132 | D:15     | Reached skill level 14 in Fighting
 25223 | D:15     | Found a staircase to the Depths.
 25505 | D:15     | Found Ustruedet's Distillery.
 25513 | D:15     | Bought a potion of heal wounds for 65 gold pieces
 25824 | D:15     | Reached XP level 16. HP: 133/133 MP: 16/16
 26185 | Snake:1  | Entered Level 1 of the Snake Pit
 26490 | Snake:1  | Received a gift from Trog
 27120 | Snake:2  | Reached skill level 15 in Polearms
 27353 | Snake:2  | Reached skill level 15 in Fighting
 27880 | Snake:3  | Received a gift from Trog
 28749 | Snake:3  | Reached skill level 16 in Fighting
 28779 | Snake:4  | Entered Level 4 of the Snake Pit
 28881 | Snake:4  | Received a gift from Trog
 28969 | Snake:4  | Reached XP level 17. HP: 129/144 MP: 17/17
 29127 | Snake:4  | Received a gift from Trog
 29234 | Snake:4  | Received a gift from Trog
 29702 | Snake:4  | Got a serpentine rune of Zot
 29727 | Snake:4  | Reached skill level 17 in Fighting
 29744 | Snake:4  | Received a gift from Trog
 30174 | Snake:4  | Noticed Wiglaf
 30187 | Snake:4  | Killed Wiglaf
 30451 | Swamp:1  | Entered Level 1 of the Swamp
 30480 | Swamp:1  | Received a gift from Trog
 30486 | Swamp:1  | Got a bloodstained spear {god gift}
 30487 | Swamp:1  | Identified the +6 spear of Lobiuwn {flame, Str+3 Dex-4} (Trog gifted it to you on level 1 of the Swamp)
 32206 | Swamp:2  | You fall through a shaft!
 32342 | Swamp:3  | Noticed Mara
 32348 | Swamp:3  | Noticed tsujin's illusion
 32351 | Swamp:3  | Found a frozen archway.
 32550 | Swamp:3  | Killed Mara
 32550 | Swamp:3  | Gained mutation: You are completely covered in sharp spines. [demonic ancestry]
 32550 | Swamp:3  | Reached XP level 18. HP: 155/156 MP: 19/19
 32583 | IceCv    | Entered an ice cave
 32639 | IceCv    | Got a wavering marble ring
 32641 | IceCv    | Identified the ring of Afog {rPois EV+4 Str+3} (You found it in an ice cave)
 32700 | IceCv    | Received a gift from Trog
 33169 | Swamp:3  | Received a gift from Trog
 33178 | Swamp:3  | Reached skill level 18 in Fighting
 33452 | Swamp:4  | Entered Level 4 of the Swamp
 33715 | Swamp:4  | Got a decaying rune of Zot
 34002 | Swamp:4  | Gained mutation: You are immune to clouds of flame. [demonic ancestry]
 34002 | Swamp:4  | Reached XP level 19. HP: 165/165 MP: 20/20
 34424 | Swamp:2  | Received a gift from Trog
 35302 | Vaults:1 | Entered Level 1 of the Vaults
 35667 | Vaults:1 | Reached skill level 19 in Fighting
 35727 | Vaults:1 | Received a gift from Trog
 35957 | Vaults:1 | Received a gift from Trog
 35969 | Vaults:1 | Got a warped glaive {god gift}
 35973 | Vaults:1 | Identified the +10 glaive of Trog's Fury {flame, rElec} (Trog gifted it to you on level 1 of the Vaults)
 36170 | Vaults:1 | Reached XP level 20. HP: 145/174 MP: 21/21
 36934 | Vaults:2 | Found a magical portal.
 36968 | WizLab   | Entered The Chambers of Lereg the Cloud Mage
 37116 | WizLab   | Reached skill level 15 in Armour
 37861 | Vaults:2 | Found Ciycar's Magic Scroll Shoppe.
 37868 | Vaults:2 | Bought a scroll of enchant armour for 97 gold pieces
 37875 | Vaults:2 | Bought a scroll of teleportation for 39 gold pieces
 37875 | Vaults:2 | Bought a scroll of silence for 97 gold pieces
 37875 | Vaults:2 | Bought a scroll of blinking for 97 gold pieces
 38318 | Vaults:2 | Reached skill level 20 in Fighting
 38461 | Vaults:2 | Received a gift from Trog
 38551 | Vaults:3 | Found a portal to a secret trove of treasure.
 38733 | Vaults:3 | Found a staircase to the Crypt.
 38885 | Vaults:3 | Got a transparent emerald amulet
 38886 | Vaults:3 | Identified the amulet "Sacziryh" {RegenMP MR+ Stlth+} (You found it on level 3 of the Vaults)
 39375 | Vaults:3 | Found Detz's Armour Shoppe.
 39602 | Vaults:3 | Gained mutation: You are powered by pain. [demonic ancestry]
 39602 | Vaults:3 | Reached XP level 21. HP: 184/184 MP: 22/22
 39868 | Vaults:4 | Noticed nightshiftgray's ghost (adept MiFi)
 39870 | Vaults:4 | Received a gift from Trog
 39937 | Vaults:4 | Killed nightshiftgray's ghost
 40095 | Vaults:4 | Received a gift from Trog
 40143 | Vaults:4 | Noticed Sojobo
 40156 | Vaults:4 | Killed Sojobo
 40164 | Vaults:4 | Reached skill level 21 in Fighting
 40172 | Vaults:4 | Noticed Donald
 40181 | Vaults:4 | Killed Donald
 40379 | Vaults:4 | Received a gift from Trog
 40810 | Vaults:4 | Found a flickering gateway to a bazaar.
 40819 | Bazaar   | Entered a bazaar
 40827 | Bazaar   | Found Zuasol's Magic Scroll Boutique.
 40845 | Bazaar   | Found Orghy's Antique Armour Shop.
 40878 | Bazaar   | Found Igawkoku's Gadget Boutique.
 40878 | Bazaar   | Found Buypt's Antique Armour Shop.
 40934 | Bazaar   | Bought a heavily runed fire dragon armour for 1365 gold pieces
 40940 | Bazaar   | Identified the +2 fire dragon armour "Weag" {rElec rF++ rC- MR- Int+6 Slay+3 Stlth-} (You bought it in a shop in a bazaar)
 40984 | Bazaar   | Bought a twisted plate armour for 616 gold pieces
 40990 | Bazaar   | Identified the cursed +0 plate armour "Amifukoj" {+Blink Regen+ MP-9} (You bought it in a shop in a bazaar)
 41011 | Bazaar   | Bought a scroll of magic mapping for 63 gold pieces
 41011 | Bazaar   | Bought a scroll of teleportation for 54 gold pieces
 41011 | Bazaar   | Bought a scroll of teleportation for 54 gold pieces
 41011 | Bazaar   | Bought a scroll of teleportation for 54 gold pieces
 41011 | Bazaar   | Bought a scroll of fear for 63 gold pieces
 41011 | Bazaar   | Bought a scroll of blinking for 135 gold pieces
 41206 | Vaults:5 | Entered Level 5 of the Vaults
 41352 | Vaults:4 | Received a gift from Trog
 41461 | Vaults:5 | Noticed Xtahua
 41489 | Vaults:4 | Killed Xtahua
 41536 | Vaults:5 | Received a gift from Trog
 41732 | Vaults:5 | Got a silver rune of Zot
 41852 | Vaults:5 | Noticed Mennas
 41862 | Vaults:5 | Killed Mennas
 41952 | Vaults:5 | Gained mutation: You can hurl damnation. [demonic ancestry]
 41952 | Vaults:5 | Reached XP level 22. HP: 174/196 MP: 23/23
 42028 | Vaults:5 | Reached skill level 22 in Fighting
 42174 | Vaults:5 | Noticed a golden dragon
 42202 | Vaults:5 | Killed a golden dragon
 42225 | Vaults:5 | Noticed Saint Roka
 42226 | Vaults:5 | Noticed a golden dragon
 42226 | Vaults:5 | Noticed Jorgrun
 42235 | Vaults:5 | Noticed an ancient lich
 42514 | Vaults:4 | Killed Saint Roka
 42530 | Vaults:4 | Received a gift from Trog
 42646 | Vaults:4 | Killed a golden dragon
 42749 | Vaults:4 | Killed Jorgrun
 43366 | Vaults:5 | Killed an ancient lich
 43508 | Vaults:5 | Received a gift from Trog
 44029 | Depths:1 | Entered Level 1 of the Depths
 44300 | Depths:1 | Reached skill level 23 in Fighting
 44448 | Depths:1 | Found a gateway to Hell.
 44467 | Depths:1 | Reached XP level 23. HP: 194/206 MP: 24/24
 44488 | Depths:1 | Noticed the Enchantress
 44501 | Depths:1 | Killed the Enchantress
 44591 | Depths:1 | Received a gift from Trog
 44896 | Depths:1 | Found a snail-covered altar of Cheibriados.
 45435 | Depths:2 | Noticed a caustic shrike
 45447 | Depths:2 | Killed a caustic shrike
 45463 | Depths:2 | Received a gift from Trog
 45471 | Depths:2 | HP: 5/207 [golden dragon/bolt of fire (28)]
 45471 | Depths:2 | Killed from afar by a sphinx

Vault maps used:
D:1:      dpeg_arrival_arbitrary_c, moated_statue
D:2:      xom_teletrap_fun, uniq_iyjb, uniq_terence
D:4:      first_bread, minmay_misc_feat_columns, uniq_purgy
D:5:      minmay_temple_entry_enclosed_plants, kennysheep_generic_room_14,
          uniq_eustachio
D:6:      lemuel_doored_altar, amethyst_overflow_temple_binary, minitemple,
          uniq_crazy_yiuf_cottage
D:7:      grunt_temple_overflow_lords_of_destruction, serial_curves,
          eino_curves_04, eino_curves_01, serial_shops, kennysheep_mini
D:8:      kennysheep_ambush_hall, dpeg_lair_monsters
D:9:      lemuel_bear_cage, tso_oasis_becter, jmf_multi_god_temple2
D:12:     blue_anna_alchemist, uniq_rupert
D:13:     four-leaf_vault, basic_altar, spider_trap
D:14:     david_vaults_1, hangedman_abyss_or_decor_clamps, serial_shops,
          kennysheep_little_box, uniq_frances
D:15:     grunt_enter_depths_hoard, serial_shops, nicolae_shop_stone
Temple:   chambers_temple_12
Lair:1:   minivault_24, uniq_grum, uniq_erica, uniq_urug
Lair:2:   serial_bayou_shore_a, serial_bayou_shore_b
Lair:4:   uniq_maud
Lair:5:   minmay_snake_entry_spellcaster, serial_bayou_lagoon_a
Lair:6:   beast_lair_carwin_large_1, minmay_swamp_entry_swarm
Lair:7:   slime_altar_1
Lair:8:   due_jungle_book, lemuel_oklob_altar, grunt_megastairs_1
Swamp:1:  nicolae_swamp_orc_logging_accident, swamp_pool3
Swamp:2:  evilmike_swamp_ruin_house_1, infiniplex_staircase_pool_2
Swamp:3:  portal_ice_cave_entry_pillars_01, infiniplex_staircase_pool,
          swamp_pool1, uniq_mara
Swamp:4:  swamp_alternative, swamp_pool1
Snake:2:  serial_bayou, serial_bayou_pond_a, serial_bayou_pond_c,
          serial_bayou_lagoon_b, serial_bayou_pond_a, st_stairs_14
Snake:4:  snake_pit, uniq_wiglaf
Orc:1:    nicolae_orc_accident_3, serial_shops, shop_statue, uniq_josephine,
          uniq_maurice
Orc:2:    pubby_orc_utopia
Vaults:1: hangedman_vaults_trim, v_pattern_5, st_eye,
          hangedman_vaults_variations, v_misc_3, vaults_dpeg_encased_lava
Vaults:2: nicolae_vaults_ninety_degrees, grunt_vaults_diagonal,
          grunt_vaults_hallway_long, nicolae_vaults_angled_halls,
          hangedman_vaults_impose, nicolae_vaults_circle_grid_b,
          vaults_dpeg_hooks, infiniplex_enter_wizlab_glasses, serial_shops, shop
Vaults:3: nicolae_vaults_disjoint_gnomons, v_misc_1,
          minmay_crypt_entry_simple_box, dpeg_vaults_monster_box,
          grunt_vaults_twisty, vaults_standard_mumra_enter_the_diamond,
          v_pattern_3, ontoclasm_vaults_ligature, vaults_room_hallway,
          vaults_room_door_ring, nicolae_trove_entry_columns
Vaults:4: v_misc_2, vaults_room_stairs_pillars, hangedman_vaults_slither,
          vaults_room_fancy_cross, v_misc_14, v_rooms_2,
          ontoclasm_vaults_ring_square, ontoclasm_vaults_pinch,
          ontoclasm_vaults_shuriken, nicolae_vaults_little_squares_1,
          serial_shops, bzr_firewalk, uniq_donald, uniq_sojobo
Vaults:5: serial_shops, uniq_mennas, uniq_saint_roka, uniq_xtahua, uniq_jorgrun
Depths:1: hell_entry, cheibriados_altar_1, minmay_guarded_unrand_robustness,
          grunt_megastairs_2, serial_bayou_shore_b, uniq_enchantress
Depths:2: minmay_expanding_squares, hell_entry, nicolae_twisting_strands
Bazaar:   bazaar_jpeg_honeycomb
IceCv:    ice_cave_caverns_03
WizLab:   wizlab_cloud

Skill      XL: |  1  2  3  4  5  6  7  8  9 10 11 12 13 14 15 16 17 18 19 20 21 22 |
---------------+-------------------------------------------------------------------+-----
Polearms       | 3 4 5 7 8 9 10 11 13 14 15 16 17 18 19 20 21 | 21.6
Dodging        | 3 4 5 6 |  6.0
Armour         | 1 2 3 4 5 6 7 9 10 11 12 13 14 15 16 | 16.6
Fighting       | 3 4 5 6 8 9 10 11 12 14 16 17 18 19 20 21 23 | 23.5
Shields        | 1 3 5 6 8 |  8.9
Throwing       | 2 3 4 5 6 |  6.8
Evocations     | 1 |  1.6

Action                   |  1- 3 |  4- 6 |  7- 9 | 10-12 | 13-15 | 16-18 | 19-21 | 22-24 || total
-------------------------+-------+-------+-------+-------+-------+-------+-------+-------++-------
Melee: Trident           |   116 |   144 |    45 |       |       |       |       |       ||   305
       Rapier            |       |       |    40 |       |       |       |       |       ||    40
       Kick              |       |       |   111 |   414 |   652 |   477 |   430 |   269 ||  2353
       Spear             |       |       |   332 |  1152 |   758 |       |       |       ||  2242
       Scimitar          |       |       |       |       |    15 |       |       |       ||    15
       Bardiche          |       |       |       |       |   996 |    48 |       |       ||  1044
       Demon trident     |       |       |       |       |       |  1262 |   297 |       ||  1559
       Glaive            |       |       |       |       |       |       |   947 |   600 ||  1547
Throw: Throwing net      |       |     9 |     3 |       |       |       |       |       ||    12
       Javelin           |       |       |    16 |    16 |   115 |    16 |     1 |       ||   164
Invok: Burn Spellbooks   |       |       |     1 |     4 |     4 |     3 |     2 |     1 ||    15
       Trog's Hand       |       |       |     1 |     4 |     8 |    16 |     6 |     6 ||    41
       Berserk           |       |       |       |     3 |       |       |     1 |       ||     4
Evoke: Club              |       |       |       |     3 |     1 |     5 |       |       ||     9
       Fan of gales      |       |       |       |       |     1 |       |       |       ||     1
  Use: Scroll            |       |     1 |    14 |    10 |    27 |    11 |    12 |     7 ||    82
       Potion            |       |     1 |     2 |       |    14 |    12 |     4 |     4 ||    37
 Stab: Held in net/web   |       |     5 |       |       |       |       |       |       ||     5
       Petrified         |       |       |       |       |     3 |       |       |       ||     3
  Eat: Chunk             |       |     4 |    12 |    26 |    41 |     5 |    22 |     1 ||   111
       Beef jerky        |       |       |     1 |       |     1 |       |       |       ||     2
       Fruit             |       |       |       |     1 |     3 |    23 |     8 |    15 ||    50
       Bread ration      |       |       |       |       |       |     2 |       |       ||     2
       Royal jelly       |       |       |       |       |       |       |       |     1 ||     1
Armor: Chain mail        |    78 |    47 |    26 |       |       |       |       |       ||   151
       Leather armour    |     3 |       |       |       |       |       |       |       ||     3
       Skin              |       |    17 |       |       |       |       |       |       ||    17
       Plate armour      |       |       |   167 |   419 |   364 |       |       |       ||   950
       Crystal plate arm |       |       |       |       |   930 |  1287 |   914 |   481 ||  3612
Dodge: Dodged            |    48 |    30 |   106 |   245 |   724 |   450 |   575 |   256 ||  2434
Block: Buckler           |       |     6 |    69 |   190 |   156 |       |       |       ||   421
